← All builds
Pond / Cortex / Economy first / OBSERVED BUILD

Sharpshooter buy

Cortex Pond build order · Supreme Isthmus

Pond buys Sharpshooters from Tech from around 5:09, paying heavily in metal and energy, sending them to fight in the middle as an early skirmish push while keeping its own economy going.

#push #team support · 106 distinct matches · 39 players · 15% of Cortex Pond games · team won 46% of 107 · Recently observed

THE CATCH, AND WHAT COMES WITH IT
  • SharpshooterSniper bot from Tech arrives 5:09 · 12% of role by thenTech makes it and hands it over.

Paid for by sending allies about 710 metal and 17,000 energy by 5:00; standard pond sends 110 metal and 10,000 energy.

Where those units first fight, in 107 games with kill data: in the middle 87%, on their own side 13%.

Those units destroy a typical 2,511 metal of enemy units by 15:00.

Then transitions into grunt (17% of army), tick (11% of army), rascal (10% of army).

HOW TO PLAY IT

Key timing: Sharpshooter handed over by 5:07

  1. Open tidals, mex and heavy wind/converter eco instead of a lab.
  2. Send Tech metal and energy to pay for the sniper buy.
  3. Take Sharpshooter 'sniper bot' units handed over by Tech.
  4. Fly snipers to the middle to support and snipe for front.
  5. Add an Advanced Metal Extractor as the eco transition.

Phase by phase

TYPICAL OF ITS 106 GAMES · AGAINST STANDARD POND
  1. 1
  2. 2
PLAY THE OPENING

Follow the example game's first 6:09 step by step: what to build now, what comes next, and where it goes. At 1× it keeps pace with your own game.

  1. 1

    Up to 5:00

    Economy
    • Metal Extractor4Mex
    • Tidal Generator8Tidalfor allies
    • Wind Turbine8Wind
    • Tidal Generator2Tidal
    • Energy Storage1Energy storage

    Some games also: converter (37%)

    By 5:00 in all: 4 mex · 8 wind · 2 tidal · 1 energy storage

    The example game in this phase · 6 steps
    1. Tidal ×9for Suicide front
    2. Tidal
    3. Mex ×4
    4. JellyfishJellyfish
    5. Con turret
    6. Wind ×11
  2. 2

    5:00 to 10:00

    Economy
    • Wind Turbine6Wind−11 vs standard

    Some games also: wind (40%) · converter (39%) · Guard (36%) · con turret (36%)

    The standard build makes here, this one skips: 3 converter

    By 10:00 in all: 4 mex · 20 wind · 2 tidal · 2 converter (standard 6) · 1 energy storage

    The example game in this phase · 74 steps
    1. Wind ×5
    2. Energy storage
    3. Con turret
    4. ShipyardShipyardfor Geo seadone 7:47
    5. JellyfishJellyfish
    6. RiptideFrigatenot finished by 15:00
    7. Wind ×10
    8. Con turret
    9. Wind ×3
    10. Con turret
    11. Wind ×2
    12. Advanced Metal ExtractorT2 mexdone 10:39 · typical 10:06
    13. Wind
    14. Con turret
    15. Wind
    16. Con turret
    17. Wind ×5
    18. Advanced Metal ExtractorT2 mex
    19. Wind
    20. Advanced Metal ExtractorT2 mex
    21. Wind ×9
    22. Advanced Metal ExtractorT2 mex
    23. Wind ×13
    24. Advanced Metal ExtractorT2 mex
    25. Wind ×2
    26. Pit BullPit Bull
    27. Wind ×13
    28. Vehicle PlantVehicle Plantdone 12:23
    29. Wind ×2
    30. RoverScout
    31. BlitzBlitz ×2
    32. Advanced Radar TowerAdvanced Radar Tower
    33. RoverScout
    34. BlitzBlitz ×2
    35. RoverScout
    36. BlitzBlitz ×2
    37. RoverScout
    38. BlitzBlitz ×2
    39. RoverScout
    40. BlitzBlitz ×2
    41. RoverScout
    42. BlitzBlitz ×2
    43. Pit BullPit Bull
    44. RoverScout
    45. BlitzBlitz ×2
    46. SentrySentry
    47. RoverScout
    48. BlitzBlitz ×2
    49. RoverScout
    50. BlitzBlitz ×2
    51. RoverScout
    52. BlitzBlitz ×2
    53. RoverScout
    54. BlitzBlitz ×2
    55. RoverScout
    56. BlitzBlitz ×2
    57. RoverScout
    58. BlitzBlitz ×2
    59. RoverScout
    60. BlitzBlitz ×2
    61. RoverScout
    62. BlitzBlitz ×2
    63. RoverScout
    64. BlitzBlitz ×2
    65. RoverScout
    66. BlitzBlitz ×2
    67. RoverScout
    68. BlitzBlitz ×2
    69. RoverScout
    70. BlitzBlitz ×2
    71. RoverScout
    72. BlitzBlitz ×2
    73. Con turret
    74. RoverScout

Counts are medians over the build's games: half of them build more, half fewer. The example game is Boozha's (34 OS, 02/10/2026); pick another.

Team trades

IN AT LEAST 30% OF ITS GAMES

You hand over

  • Tidal Generator8 Tidal to Suicide front or Frontfirst at 0:16 · in 97% of games

You get

  • Construction Bot1 Con bot from Geofirst at 2:26 · in 39% of games
  • Hercules1 Light transport from Air or Techfirst at 5:08 · in 36% of games
  • Sharpshooter2 Sniper bot from Techfirst at 5:09 · in 100% of games
  • Advanced Construction Bot1 T2 con bot from Techfirst at 8:30 · in 97% of games

How it plays out

Typical game of this build against the role’s standard build, running totals by minute

  • This build
  • Standard pond

Metal produced

010k20k
0:005:0010:0015:00

metal

Enemy metal destroyed

02k4k6k
0:005:0010:0015:00

metal

Own metal lost

02k4k
0:005:0010:0015:00

metal

Metal sent to allies

01k2k
0:005:0010:0015:00

metal

Energy sent to allies

025k50k75k
0:005:0010:0015:00

metal

107 games.

Show as table
ByMetal produced: This buildMetal produced: Standard pondEnemy metal destroyed: This buildEnemy metal destroyed: Standard pondOwn metal lost: This buildOwn metal lost: Standard pondMetal sent to allies: This buildMetal sent to allies: Standard pondEnergy sent to allies: This buildEnergy sent to allies: Standard pond
1:001151150000001464995
2:0026725900000032012365
3:0079973700000059504436
4:00147214090000243089886554
5:002194213000007121131677710268
6:0029002949000010354032771311852
7:003702382937000012294453518314303
8:00449348741160541408612794534032817340
9:0053766257185522047018913284684533021198
10:00641476612560350102164013884684718022906
11:00782998593233766138683614224685486425778
12:00986312092361211961892107514944826055827224
13:001195914534399815782088166115304826775032595
14:001409816881457518142628199515545326907437744
15:001612019361510426323074296416775486926941136
WHAT THE NUMBERS SAY

Won more often than the standard build, trading lower metal production for notably higher enemy metal destroyed.

  • + Destroyed 3035 enemy metal by 10:00, well above standard's 1229.
  • + Hercules transports arrive by 4:55 in 46% of games vs 15% role norm.
  • − Metal produced fell behind at every checkpoint, 16992 vs 19066 by 15:00.
  • − Own metal lost climbed to 1354 by 10:00 vs 755 standard.
THE EXAMPLE YOU ARE READING

Boozha

33.7 OS · 02/10/2026

Open source match ↗

32 received units · includes a constructor
770 metal received · 43141 energy received

Allied construction assistance is unknown. Timings are observations, not a promise of solo reproducibility.

Typical milestones

Advanced Metal Extractor10:06Middle 50%: 9:14–10:56 · n=100

Played most by

Boozha18games of this build[Grump]Matsuri13games of this buildDouglasBacon7games of this buildpyrothraxus5games of this build[Crd]Mind_The_Gap4games of this build